 Dungeon Crawl Stone Soup version 0.32-a0-818-gb728d0252e (webtiles) character file.

Game seed: 12085834543023709088

4622 Aneyh the Spear-Bearer (level 10, -9/59 HPs)
             Began as a Tengu Monk on Mar 23, 2024.
             Was a Priest of Hepliaklqana.
             Asphyxiated
             ... on level 9 of the Dungeon.
             The game lasted 00:13:41 (6859 turns).

Aneyh the Spear-Bearer (Tengu Monk)                 Turns: 6859, Time: 00:13:42

Health: -9/59      AC: 11    Str: 13    XL:     10   Next: 42%
Magic:  11/11      EV: 31    Int: 15    God:    Hepliaklqana [***...]
Gold:   474        SH:  5    Dex: 25    Spells: 9/9 levels left

rFire   . . .        b - +6 dagger of the Original Sin {protect, rElec Str+2 Dex+2}
rCold   + . .        x - +0 buckler
rNeg    . . .        y - +1 ring mail {rC+}
rPois   +            (helmet restricted)
rElec   +            m - +0 cloak
rCorr   .            q - +2 pair of gloves
SInv    .            (boots unavailable)
Will    .....        O - amulet of magic regeneration
Stlth   +            C - ring of poison resistance
HPRegen 0.29/turn    F - +6 ring of dexterity
MPRegen 0.52/turn

%: acrobat
@: lethally poisoned (-9 -> -20), acrobatic, flying
A: reduced essence, beak, talons 3, evasive flight, acrobatic
a: Renounce Religion, Recall Ancestor, Ancestor Identity, Transference


You were on level 9 of the Dungeon.
You worshipped Hepliaklqana.
Hepliaklqana was most pleased with you.
You visited 2 branches of the dungeon, and saw 10 of its levels.

You collected 474 gold pieces.

Inventory:

Hand Weapons
 a - a +0 glaive
 b - the +6 dagger of the Original Sin (weapon) {protect, rElec Str+2 Dex+2}
   (You took it off a hobgoblin on level 4 of the Dungeon)

   Str+2:     It affects your strength (+2).
   Dex+2:     It affects your dexterity (+2).
   rElec:     It insulates you from electricity.
 v - a +2 war axe of draining
 w - a +0 spear
 D - a +3 whip of flaming
 N - a +0 arbalest
Missiles
 j - 10 boomerangs (quivered)
Armour
 d - an orb of light
 l - a +0 leather armour
 m - a +0 cloak (worn)
 q - a +2 pair of gloves (worn)
 x - a +0 buckler (worn)
 y - a +1 ring mail of cold resistance (worn)
Jewellery
 o - a ring of see invisible
 C - a ring of poison resistance (left hand)
 F - a +6 ring of dexterity (right hand)
 J - a ring of wizardry
 M - a ring of poison resistance
 O - an amulet of magic regeneration (around neck)
Wands
 H - a wand of warping (5)
Scrolls
 e - 6 scrolls of immolation
 f - 3 scrolls of enchant weapon {unknown}
 h - 2 scrolls of noise
 p - 3 scrolls of enchant armour
 s - a scroll of teleportation
 B - a scroll of vulnerability {unknown}
 E - a scroll of blinking {unknown}
 L - a scroll of amnesia {unknown}
 P - a scroll of summoning {unknown}
 Q - 3 scrolls of identify
Potions
 c - a potion of ambrosia
 g - 5 potions of berserk rage {unknown}
 i - 3 potions of cancellation {unknown}
 k - 4 potions of attraction {unknown}
 n - 2 potions of haste {unknown}
 r - a potion of resistance {unknown}
 t - a potion of enlightenment {unknown}
 u - 4 potions of curing {unknown}
 z - 2 potions of degeneration {unknown}
 A - 2 potions of mutation {unknown}
 G - a potion of brilliance {unknown}
 I - a potion of might {unknown}
 K - a potion of heal wounds {unknown}


   Skills:
 + Level 9.3 Fighting
 + Level 12.0 Polearms
 - Level 5.0 Armour
 - Level 5.0 Dodging


You had 9 spell levels left.
You didn't know any spells.
Your spell library contained the following spells:

 Spells                   Type           Power      Damage    Failure   Level
 Frozen Ramparts          Ice            0%         1d1       92%         3
 Ozocubu's Armour         Ice            0%         N/A       92%         3
 Metabolic Englaciation   Hex/Ice        0%         N/A       100%        5


Dungeon Overview and Level Annotations

Branches:
Dungeon (9/15)             Temple (1/1) D:7
   Lair: D:8-11         Orc: D:9-12

Altars:
Ashenzari
Cheibriados
Dithmenos
Elyvilon
Fedhas
Gozag
Hepliaklqana
Kikubaaqudgha
Makhleb
Nemelex Xobeh
Okawaru
Qazlal
Ru
Sif Muna
Trog
Uskayaw
Vehumet
Wu Jian
Xom
Yredelemnul
Zin
The Shining One

Annotations:
D:8 3 runed translucent doors, zenocrate's ghost, novice OpEE


Innate Abilities, Weirdness & Mutations

Your life essence is reduced to manifest your ancestor. (-10% HP)
You have a beak for a mouth.
You have claws for feet.
Your magical flight helps you evade attacks. (EV +4)
You can magically evade attacks while moving or waiting.


Message History

The red ugly thing closely misses you.
Vuexus gestures at the vampire mosquito while chanting.
The puff of frost hits the red ugly thing.
You barely miss the red ugly thing. You claw the red ugly thing.
The red ugly thing is moderately wounded.
You block the red ugly thing's attack.
You barely miss the red ugly thing.
You claw the red ugly thing, but do no damage.
You peck the red ugly thing, but do no damage.
The red ugly thing is moderately wounded.
The red ugly thing tail-slaps you!
* * * LOW HITPOINT WARNING * * *
You are engulfed in flames!
* * * LOW HITPOINT WARNING * * *
Vuexus points at the vampire mosquito and mumbles some strange words.
The puff of frost hits the red ugly thing!
Okay, then.
You swap places.
The red ugly thing tail-slaps Vuexus.
Vuexus is engulfed in flames!
Vuexus resists.
Vuexus casts a spell at the vampire mosquito.
The puff of frost hits the red ugly thing!
As you read the scroll of teleportation, it crumbles to dust.
You feel strangely unstable.
The red ugly thing tail-slaps Vuexus!
Vuexus is engulfed in flames!
Vuexus resists.
Vuexus hits the red ugly thing with a +0 quarterstaff!!
Vuexus hits the red ugly thing with a +0 quarterstaff!
The red ugly thing dies!
Your Polearms skill increases to level 12!
The vampire mosquito bites Vuexus!
Vuexus is destroyed!
Your surroundings seem slightly different.
The sentinel's mark upon you fades away.
The kobold brigand throws a curare-tipped dart.
The curare-tipped dart hits you.
You are lethally poisoned!
You have difficulty breathing.
You die...
Hepliaklqana delivers you to your ancestors.

..............##.####......#
...####.#.######...... ...# ####
#.#......K..#######..#
#######.#.........#.#.#.#..#
...........####...#^^^^^#..###
...........####.#########.o..#
...........##...#.'§..†yyy##.#
...........##.#.#########y##.####
............#.#.@.#^^^^^#.##.....
..........#.#.###.#.#.#.#.#......
.......... #.###.#######...####.
##.####### #...#...........#
##.###### ###.#......#..#.#
.#.##...# #......#.#..#.#
.#......# ########.####.#
.####...# #.# #.# .# ###.# #.#
#.#


You could see a kobold brigand.

Vanquished Creatures
  A centaur warrior (D:9)
  Prince Ribbit (D:7)
  A wyvern (D:8)
  An orc warrior (D:7)
  A black bear (D:5)
  A sky beast (D:8)
  2 ogres
  5 centaurs
  2 bullfrogs
  3 scorpions
  5 wights
  A killer bee (D:9)
  A howler monkey (D:4)
  3 hounds
  A jelly (D:4)
  An orc priest (D:6)
  2 iguanas (D:6)
  A sleepcap (D:5)
  8 gnolls
  9 adders
  A white imp (D:6)
  An ufetubus (D:6)
  2 dart slugs
  7 ribbon worms
  12 orcs
  5 ball pythons
  4 bats
  8 endoplasms
  6 giant cockroaches
  4 goblins
  11 hobgoblins
  5 jackals
  5 quokkas
  6 frilled lizards
  12 kobolds
  7 rats
146 creatures vanquished.

Vanquished Creatures (collateral kills)
  An ugly thing (D:9)
  A hornet (D:7)
  A wyvern (D:9)
  An orc warrior (D:7)
  A sky beast (Temple)
  An ice beast (D:7)
  An ogre (D:7)
  A centaur (D:8)
  A bullfrog (D:8)
  A kobold brigand (D:9)
  A scorpion (D:7)
  2 wights (D:8)
  2 killer bees (D:9)
  A howler monkey (D:8)
  An orc priest (D:7)
  A gnoll bouda (D:8)
  A gnoll (D:8)
  An orc (D:7)
  A kobold (D:9)
21 creatures vanquished.

Vanquished Creatures (others)
  2 battlemagi
2 creatures vanquished.

Grand Total: 169 creatures vanquished

Notes
Turn   | Place    | Note
-------+----------+-------------------------------------------
     0 | D:1      | Aneyh the Tengu Monk began the quest for the Orb.
     0 | D:1      | Reached XP level 1. HP: 14/14 MP: 2/2
   102 | D:1      | Reached XP level 2. HP: 19/19 MP: 3/3
   280 | D:1      | Reached skill level 4 in Polearms
   480 | D:1      | Reached XP level 3. HP: 23/23 MP: 4/4
  1079 | D:2      | Reached XP level 4. HP: 11/28 MP: 5/5
  1204 | D:2      | Reached skill level 5 in Polearms
  2310 | D:4      | Reached XP level 5. HP: 32/32 MP: 6/6
  2320 | D:4      | Found a broken altar of Ashenzari.
  2399 | D:4      | Found an ancient bone altar of Kikubaaqudgha.
  2400 | D:4      | Found a blossoming altar of Fedhas.
  2443 | D:4      | Reached skill level 5 in Dodging
  2458 | D:4      | Reached skill level 1 in Armour
  2582 | D:4      | Reached XP level 6. HP: 24/37 MP: 7/7
  2659 | D:4      | Identified the +6 dagger of the Original Sin {protect,
                  | rElec Str+2 Dex+2}
  2960 | D:5      | Entered Level 5 of the Dungeon
  2960 | D:5      | Noticed a black bear
  2966 | D:5      | Killed a black bear
  2967 | D:5      | Reached skill level 6 in Polearms
  3000 | D:5      | Gained mutation: Your magical flight helps you evade
                  | attacks. (EV +4) [Tengu growth]
  3000 | D:5      | Reached XP level 7. HP: 26/42 MP: 8/8
  3319 | D:5      | Found an iron altar of Okawaru.
  3473 | D:5      | Reached skill level 7 in Polearms
  3498 | D:5      | Found a sparkling altar of Nemelex Xobeh.
  3866 | D:6      | Found a radiant altar of Vehumet.
  3880 | D:6      | Found a hide-covered altar of Uskayaw.
  4009 | D:6      | Reached XP level 8. HP: 48/48 MP: 9/9
  4073 | D:6      | Found a snail-covered altar of Cheibriados.
  4142 | D:6      | Found a white marble altar of Elyvilon.
  4463 | D:6      | Reached skill level 8 in Polearms
  4660 | D:7      | Noticed a hornet
  4736 | D:7      | Reached skill level 5 in Armour
  4758 | D:7      | Reached skill level 5 in Fighting
  4813 | D:7      | Found a staircase to the Ecumenical Temple.
  4824 | Temple   | Entered the Ecumenical Temple
  4845 | Temple   | Became a worshipper of Hepliaklqana the Forgotten
  4845 | Temple   | Reached * piety under Hepliaklqana
  4845 | Temple   | Reached ** piety under Hepliaklqana
  4846 | Temple   | Remembered your ancestor Vuexus as a battlemage
  4850 | Temple   | Reached skill level 9 in Polearms
  4905 | D:7      | Killed a hornet
  4906 | D:7      | Reached XP level 9. HP: 29/49 MP: 10/10
  5230 | D:7      | Noticed Prince Ribbit
  5240 | D:7      | Killed Prince Ribbit
  5241 | D:7      | Reached skill level 10 in Polearms
  5247 | D:7      | Found an ornate altar of the Wu Jian Council.
  5825 | D:8      | Found a runed translucent gate.
  5828 | D:8      | Found a runed translucent gate.
  5828 | D:8      | Found a runed translucent gate.
  5828 | D:8      | Noticed zenocrate's ghost (novice OpEE)
  6025 | D:8      | Reached skill level 11 in Polearms
  6620 | D:9      | Reached *** piety under Hepliaklqana
  6645 | D:9      | Reached XP level 10. HP: 57/57 MP: 11/11
  6815 | D:9      | Noticed a red ugly thing
  6823 | D:9      | Noticed a centaur warrior
  6846 | D:9      | Killed a centaur warrior
  6853 | D:9      | HP: 1/59 [red ugly thing (15)]
  6856 | D:9      | Killed a red ugly thing
  6857 | D:9      | Reached skill level 12 in Polearms
  6859 | D:9      | Asphyxiated

Illustrated notes

Levels and vault maps discovered:
D:1:      ncdulo_watergridlock, layout_basic
D:2:      layout_rooms
D:3:      layout_loops_ring
D:4:      layout_gridville, grunt_temple_overflow_growth_and_decay,
          mainiacjoe_overflow_cross_hatched, nrook_uturn
D:5:      layout_basic, nemelex_dance_club_becter, general_overflow_altar
D:6:      layout_loops_corners, slow_altar_1, old_standard_altar,
          jmf_multi_god_temple2
D:7:      layout_basic, nicolae_overflow_crystal_walls,
          minmay_temple_entry_crystal_x, nicolae_zig_zag_zippers,
          uniq_prince_ribbit1
D:8:      layout_loops_ring, gammafunk_ghost_split
D:9:      layout_basic, serial_shops, shop, grunt_tough_drop
Temple:   minmay_temple_bridge_abc

Skill      XL: |  1  2  3  4  5  6  7  8  9 10 |
---------------+-------------------------------+-----
Polearms       | 4 5 6 7 9 11 12 | 12.0
Dodging        | 4 5 |  5.0
Armour         | 1 2 4 5 |  5.0
Fighting       | 4 6 8 9 |  9.3

Action                     |  1- 3 |  4- 6 |  7- 9 | 10-12 || total
---------------------------+-------+-------+-------+-------++-------
  Melee: Spear             |   113 |    17 |       |       ||   130
         Kick              |    29 |    31 |   120 |    15 ||   195
         Peck              |    15 |    17 |    71 |     6 ||   109
         Whip              |     8 |    78 |       |       ||    86
         Dagger            |       |    19 |   285 |    30 ||   334
  Throw: Boomerang         |       |       |     2 |     6 ||     8
 Invoke: Ancestor Life: Ba |       |       |     1 |       ||     1
    Use: Scroll            |       |       |     4 |     1 ||     5
   Stab: Sleeping          |     4 |     1 |     1 |       ||     6
         Distracted        |       |       |     6 |     1 ||     7
 Armour: Robe              |    16 |       |       |       ||    16
         Leather armour    |    26 |    15 |       |       ||    41
         Ring mail         |       |    48 |   137 |    25 ||   210
  Dodge: Dodged            |    65 |    75 |   219 |    24 ||   383
  Block: Buckler           |       |    15 |    61 |    12 ||    88

Table legend: (Time is in decaauts)
 A = Elapsed time spent in this place.
 B = Non-inter-level travel time spent in this place.
 C = Inter-level travel time spent in this place.
 D = Time resting spent in this place.
 E = Time spent auto-exploring this place.
 F = Levels seen in this place.
 G = Mean time per level.
                   A        B        C        D        E       F      G
               +--------+--------+--------+--------+--------+-----+--------+
         Total |   6871 |   6435 |    436 |    492 |   4663 |  10 |  687.1 |
       Dungeon |   6826 |   6408 |    418 |    492 |   4663 |   9 |  758.4 |
        Temple |     44 |     26 |     18 |      0 |      0 |   1 |   44.0 |
               +--------+--------+--------+--------+--------+-----+--------+

Top non-repeatable levels by time:
     D:6: 1026 daAuts
     D:1: 966 daAuts
     D:8: 912 daAuts
     D:7: 891 daAuts
     D:3: 806 daAuts
     D:5: 742 daAuts
     D:4: 690 daAuts
     D:2: 490 daAuts
     D:9: 298 daAuts
  Temple: 44 daAuts
